 Dungeon Crawl Stone Soup version 0.27-a0-906-g0a00ce863d (webtiles) character file.

Game seed: 2958505772816425761

342 robertstho the Covered (level 6, -1/56 HPs)
             Began as a Deep Dwarf Fighter on Apr 7, 2021.
             Succumbed to Sigmund's poison
             ... on level 3 of the Dungeon.
             The game lasted 00:02:29 (2195 turns).

robertstho the Covered (Deep Dwarf Fighter)         Turns: 2195, Time: 00:02:30

Health: -1/56      AC: 13    Str: 22    XL:     6   Next: 30%
Magic:  5/5        EV:  4    Int:  8    God:
Gold:   92         SH:  9    Dex: 12    Spells: 5/5 levels left

rFire    . . .     SeeInvis .   a - +0 war axe
rCold    . . .     Faith    .   c - +0 kite shield
rNeg     + . .     Spirit   .   f - +0 plate armour
rPois    .         Reflect  .   (no helmet)
rElec    .         Harm     .   m - +0 cloak
rCorr    .         Rampage  .   (no gloves)
Will     .....                  (no boots)
Stlth    ..........             (no amulet)
HPRegen  0.00/turn              h - ring of flight
MPRegen  0.09/turn              k - ring of positive energy

@: mighty, lethally poisoned (-1 -> -12), flying, non-regenerating
A: damage resistance, heal wounds, sense surroundings 1, no regeneration
a: Heal Wounds


You were on level 3 of the Dungeon.
You visited 1 branch of the dungeon, and saw 3 of its levels.

You collected 92 gold pieces.

Inventory:

Hand Weapons
 a - a +0 war axe (weapon)
Armour
 c - a +0 kite shield (worn)
 f - a +0 plate armour (worn)
 m - a +0 cloak (worn)
Jewellery
 h - a ring of flight (left hand)
 k - a ring of positive energy (right hand)
 o - an amulet of reflection
Scrolls
 b - a scroll of amnesia {unknown}
 g - a scroll of noise {unknown}
 i - a scroll of silence {unknown}
 j - 2 scrolls of magic mapping {unknown}
Potions
 e - 2 potions of attraction
 l - a potion of curing
 n - a potion of haste


   Skills:
 * Level 3.5 Fighting
 + Level 4.9 Axes
 * Level 5.2 Armour
 + Level 0.2 Dodging
 + Level 4.0 Shields


You had 5 spell levels left.
You didn't know any spells.
Your spell library contained the following spells:

 Spells                   Type           Power      Damage    Failure   Level
 Borgnjor's Revivificati  Necr           0%         N/A       100%        8
 Infestation              Necr           0%         N/A       100%        8
 Necromutation            Tmut/Necr      0%         N/A       100%        8
 Death's Door             Necr           0%         N/A       100%        9


Dungeon Overview and Level Annotations

Branches:
Dungeon (3/15)

Altars:

Annotations:
D:3 Sigmund


Innate Abilities, Weirdness & Mutations

You are resistant to damage.
You can heal yourself by infusing magical energy.
You passively map a small area around you.
You do not regenerate.


Message History

Something hits you but does no damage.
You are more poisoned.
You feel much better.
You feel extremely sick. Something hits you but does no damage.
You are more poisoned.
Your magical essence is drained by the effort!
You feel much better.
You feel extremely sick. Something hits you but does no damage.
You are more poisoned.
Okay, then.
It was a potion of curing.
You feel better. You block something's attack.
You closely miss something.
You hear some strange, mumbled words.
A puff of flame appears from out of thin air!
You block the puff of flame.
You miss something. Something hits you.
You are poisoned.
Your shield and plate armour prevent you from hitting something.
Something hits you.
You are more poisoned.
Something hits you.
You are more poisoned.
You closely miss something.
You feel very sick. Something hits you but does no damage.
You are more poisoned.
You slash something!
You feel very sick. Something hits you but does no damage.
You are more poisoned.
Something hits you!
You are lethally poisoned!
You miss something.
* * * LOW HITPOINT WARNING * * *
You feel extremely sick. Something completely misses you.
You hit something.
You die...

........#.#.###.............#
.......##+#........#........#
######........#.##.#.######.#
######...........#.#.# #.#
.........<....####.#.# #.#
.................#.#.# #.#
......##########.#.#.# #.#
......# ,..........#.# #.#
......#*,#..####@#<..# ..
......# #......{#.#.# ,,
......# ......... . # ......#
#....#..#.##* #######
#..#.#....., * , , # #. #
#... .#* # # , ...> .# #
###.# # #


There were no monsters in sight!

Vanquished Creatures
  Grinder (D:3)
  Crazy Yiuf (D:2)
  An orc wizard (D:3)
  3 adders (D:2)
  2 worms
  A dart slug (D:1)
  4 orcs (D:3)
  3 ball pythons
  An endoplasm (D:2)
  A giant cockroach (D:1)
  4 goblins
  8 hobgoblins
  10 jackals (D:1)
  2 quokkas
  4 bats
  3 frilled lizards
  2 kobolds (D:1)
  5 rats
56 creatures vanquished.

Notes
Turn   | Place    | Note
-------+----------+-------------------------------------------
     0 | D:1      | robertstho the Deep Dwarf Fighter began the quest for the
                  | Orb.
     0 | D:1      | Reached XP level 1. HP: 20/20 MP: 1/1
   156 | D:1      | Reached XP level 2. HP: 17/27 MP: 2/2
   301 | D:1      | Found a faded altar of an unknown god.
   633 | D:1      | Reached XP level 3. HP: 12/33 MP: 3/3
   910 | D:2      | Reached skill level 4 in Armour
  1023 | D:2      | Found a runed translucent door.
  1024 | D:2      | Noticed Crazy Yiuf
  1362 | D:2      | Reached XP level 4. HP: 25/40 MP: 4/4
  1732 | D:2      | Killed Crazy Yiuf
  1862 | D:3      | Reached XP level 5. HP: 48/49 MP: 5/5
  2010 | D:3      | Noticed Grinder
  2020 | D:3      | Killed Grinder
  2021 | D:3      | Reached skill level 5 in Armour
  2021 | D:3      | Reached XP level 6. HP: 42/56 MP: 6/6
  2165 | D:3      | Noticed Sigmund
  2195 | D:3      | Succumbed to Sigmund's poison

Illustrated notes

Levels and vault maps discovered:
D:1:      psy_arrival_terrarium, layout_basic, basic_ecumenical_altar
D:2:      layout_loops_ring, minmay_cut_off, uniq_crazy_yiuf_cottage
D:3:      layout_basic, uniq_sigmund, uniq_grinder

Skill      XL: |  1  2  3  4  5 |
---------------+----------------+-----
Axes           | 3 4 |  4.9
Armour         | 4 5 |  5.2
Fighting       | 3 |  3.5
Shields        | 4 |  4.0
Dodging        | |  0.2

Action                   |  1- 3 |  4- 6 || total
-------------------------+-------+-------++-------
Melee: War axe           |   121 |    80 ||   201
 Abil: Heal Wounds       |     1 |     7 ||     8
  Use: Scroll            |     2 |     1 ||     3
       Potion            |       |     2 ||     2
Armor: Scale mail        |    42 |       ||    42
       Plate armour      |    45 |    58 ||   103
Dodge: Dodged            |    56 |    12 ||    68
Block: Kite shield       |    67 |    31 ||    98

Table legend: (Time is in decaauts)
 A = Elapsed time spent in this place.
 B = Non-inter-level travel time spent in this place.
 C = Inter-level travel time spent in this place.
 D = Time resting spent in this place.
 E = Time spent auto-exploring this place.
 F = Levels seen in this place.
 G = Mean time per level.
                   A        B        C        D        E       F      G
               +--------+--------+--------+--------+--------+-----+--------+
         Total |   2308 |   2202 |    106 |      0 |   1703 |   3 |  769.3 |
       Dungeon |   2308 |   2202 |    106 |      0 |   1703 |   3 |  769.3 |
               +--------+--------+--------+--------+--------+-----+--------+

Top non-repeatable levels by time:
     D:2: 946 daAuts
     D:1: 902 daAuts
     D:3: 459 daAuts
